 Dungeon Crawl Stone Soup version 0.27-a0-705-ga0013940fb (webtiles) character file.

Game seed: 3883067831923814313

11 sanka the Skirmisher (level 2, -1/24 HPs)
             Began as a Vampire Abyssal Knight on Mar 22, 2021.
             Was a Follower of Lugonu.
             Slain by Sigmund
             ... wielding a +0 scythe
              (7 damage)
             ... on level 2 of the Dungeon.
             The game lasted 00:01:12 (869 turns).

sanka the Skirmisher (Vampire Abyssal Knight)        Turns: 869, Time: 00:01:13

Health: -1/24      AC: 10    Str: 11    XL:     2   Next: 13%
Magic:  3/3        EV:  2    Int: 14    God:    Lugonu [*.....]
Gold:   23         SH:  0    Dex: 13    Spells: 1/1 levels left

rFire    . . .     SeeInvis +   a - +1 short sword
rCold    . . .     Faith    .   (no shield)
rNeg     . . .     Spirit   .   g - +0 plate armour
rPois    .         Reflect  .   (no helmet)
rElec    .         Harm     .   (no cloak)
rCorr    .         Rampage  .   (no gloves)
Will     .....                  (no boots)
Stlth    ..........             (no amulet)
HPRegen  0.28/turn              (no ring)
MPRegen  0.08/turn              (no ring)

@: lethally poisoned (-1 -> -2), regenerating quickly
A: alive, fangs 3, see invisible, unbreathing 1, vampiric 1
a: Exsanguinate, Renounce Religion, Depart the Abyss


You were on level 2 of the Dungeon.
You worshipped Lugonu.
Lugonu was aware of your devotion.
You visited 1 branch of the dungeon, and saw 2 of its levels.
You visited the Abyss 1 time.

You collected 23 gold pieces.


Innate Abilities, Weirdness & Mutations

Your natural rate of healing is unusually fast.
You have razor-sharp teeth.
You have supernaturally acute eyesight. (SInv)
You can survive without breathing.
You are afflicted with vampirism.


   Skills:
 - Level 3.0 Fighting
 + Level 2.8 Short Blades
 - Level 0.7 Armour
 - Level 2.1 Dodging
 - Level 1.5 Invocations


You had one spell level left.
You didn't know any spells.
Your spell library contained the following spells:

 Spells                   Type           Power      Damage    Failure   Level
 Animate Skeleton         Necr           0%         N/A       100%        1
 Apportation              Tloc           0%         N/A       100%        1
 Corona                   Hex            0%         N/A       100%        1
 Summon Small Mammal      Summ           0%         N/A       100%        1

Inventory:

Hand Weapons
 a - a +1 short sword (weapon)
 f - a +0 morningstar
Missiles
 d - 9 poisoned darts
Armour
 b - a +0 leather armour
 g - a +0 plate armour (worn)
Scrolls
 c - a scroll of fear {unknown}
Potions
 e - a potion of haste {unknown}

Dungeon Overview and Level Annotations

Branches:
Dungeon (2/15)

Altars:

Annotations:
D:2 Sigmund

▒.▒ ▒.▒
▒.▒ ▒.▒
▒.▒ ▒<▒
▒.▒ ▒.▒
▒V▒ ▒S▒
@l.
...▒▒
....▒
.>...▒
.......
▒▒▒.▒...


You could see Sigmund, an adder and a frilled lizard.


Message History

Unknown command.
Your plate armour prevents you from hitting the adder.
The adder is moderately wounded.
Sigmund the Dreaded comes into view.
He is wielding a +0 scythe.
The adder bites you but does no damage.
Unknown command.
You closely miss the adder.
The adder is moderately wounded.
The adder bites you but does no damage.
Unknown command.
Unknown command.
You hit the adder.
The adder is heavily wounded.
The adder bites you.
Sigmund hits you from afar with a +0 scythe!
* * * LOW HITPOINT WARNING * * *
Unknown command.
You closely miss the adder. You bite the adder, but do no damage.
The adder is heavily wounded.
You feel sick. The adder bites you but does no damage.
Sigmund hits you from afar with a +0 scythe.
* * * LOW HITPOINT WARNING * * *
Unknown command.
You hit the adder.
The adder is heavily wounded.
The adder bites you but does no damage.
Sigmund hits you from afar with a +0 scythe!
You die...

Action                   || total
-------------------------++-------
Melee: Short sword       ||    50
       Bite              ||     3
Armor: Leather armour    ||     6
       Plate armour      ||    11
Dodge: Dodged            ||    21

Levels and vault maps discovered:
D:1:      elethiomel_arrival_infinity_welcomes_careful_drivers, layout_basic
D:2:      layout_loops_ring, bloody_trog, uniq_sigmund

Notes
Turn   | Place    | Note
-------+----------+-------------------------------------------
     0 | Abyss:1  | sanka the Vampire Abyssal Knight began the quest for the
                  | Orb.
     0 | Abyss:1  | Reached XP level 1. HP: 17/17 MP: 2/2
     6 | D:1      | Escaped the Abyss
   500 | D:1      | Reached skill level 3 in Fighting
   507 | D:1      | Reached XP level 2. HP: 24/24 MP: 3/3
   865 | D:2      | Noticed Sigmund
   869 | D:2      | Slain by Sigmund

Vanquished Creatures
  A ball python (D:1)
  A bat (D:1)
  A goblin (D:1)
  2 hobgoblins (D:1)
  2 kobolds
  A quokka (D:1)
  A frilled lizard (D:1)
9 creatures vanquished.
